 Dungeon Crawl Stone Soup version 0.17-a0-995-gb5fa8d7 (webtiles) character file.

9 Pnognoglozu the Skirmisher (level 2, 0/24 HPs)
             Began as a Demonspawn Abyssal Knight on May 12, 2015.
             Was an Initiate of Lugonu.
             Succumbed to a kobold's poison
             ... on level 1 of the Dungeon.
             The game lasted 00:01:48 (537 turns).

Pnognoglozu the Skirmisher (DsAK)                    Turns: 537, Time: 00:01:48

Health: 0/24       AC:  3    Str: 12    XL:     2   Next: 6%
Magic:  3/3        EV: 11    Int: 13    God:    Lugonu [......]
Gold:   34         SH:  0    Dex: 12    Spells: 0 memorised, 1 level left

rFire  . . .     SeeInvis .     a - +1 falchion
rCold  . . .     Clarity  .     b - +0 leather armour
rNeg   . . .     SustAb   .     (no shield)
rPois  .         Gourm    .     (no helmet)
rElec  .         Spirit   +     (no cloak)
rCorr  .         Warding  .     (no gloves)
rMut   .         Stasis   .     (no boots)
MR     .....                    (no amulet)
Stlth  +.........               (no ring)
                                (no ring)

@: lethally poisoned (0 -> -7), not resistant to hostile enchantments, very
unstealthy
A: magic shield
a: Renounce Religion


You were on level 1 of the Dungeon.
You worshipped Lugonu.
Lugonu was noncommittal.
You were not hungry.

You visited 1 branch of the dungeon, and saw 1 of its levels.
You visited the Abyss 1 time.

You collected 34 gold pieces.

Inventory:

Hand weapons
 a - a +1 falchion (weapon)
 g - a +2 short sword of venom
Armour
 b - a +0 leather armour (worn)
Scrolls
 e - a scroll of identify {unknown}
Comestibles
 c - a bread ration
 f - a meat ration
 h - a chunk of flesh


   Skills:
 + Level 3.1 Fighting
 + Level 2.0 Long Blades
 - Level 1.7 Armour
 + Level 1.1 Dodging
 + Level 2.6 Invocations


You had one spell level left.
You didn't know any spells.

Dungeon Overview and Level Annotations

Branches:
Dungeon (1/15)

Altars:


Innate Abilities, Weirdness & Mutations

When hurt, damage is shared between your health and your magic reserves.


Message History

* * * LOW HITPOINT WARNING * * *
You feel sick.
Things that are here:
a chunk of flesh; a rat skeleton
* * * LOW HITPOINT WARNING * * *
You feel sick.
You see here a peridot ring.
* * * LOW HITPOINT WARNING * * *
You feel sick.
Things that are here:
a chunk of flesh; a rat skeleton
h - a chunk of flesh
* * * LOW HITPOINT WARNING * * *
You feel sick.
* * * LOW HITPOINT WARNING * * *
You feel sick.
You see here a peridot ring.
It was a potion of cancellation.
You feel magically purged.
There is a lethal amount of poison in your body!
You die...

## ####### ###. #.....#
#D#. ##########.....# ###.
...............########d#.
.....................####.
...................#.##d#.
.......†....(..###.# ###.
#.......÷@..(..# #.# #D#.
...............# #.#.####.
............#### #.#)##.#.
..........#.# ####.#.#####
......#####.# #....#.# #.#
...... #.# #....#.# ###
...... #.# #....#.# #D#
.... .. #....#.# ###
###......# #D


There were no monsters in sight!

Vanquished Creatures
  A giant cockroach (D:1)
  3 hobgoblins (D:1)
  A kobold (D:1)
  A giant newt (D:1)
  3 rats (D:1)
9 creatures vanquished.

Notes
Turn   | Place    | Note
--------------------------------------------------------------
     0 | Abyss:1  | Pnognoglozu the Demonspawn Abyssal Knight began the quest for the Orb.
     0 | Abyss:1  | Reached XP level 1. HP: 18/18 MP: 2/2
    69 | D:1      | Escaped the Abyss
    69 | D:1      | Noticed a golden dragon
    69 | D:1      | Noticed an iron dragon
    70 | D:1      | Noticed a red draconian
    71 | D:1      | Noticed an orb of fire
    73 | D:1      | Noticed a yellow draconian
    73 | D:1      | Noticed a large abomination
    75 | D:1      | Noticed an iron dragon
    78 | D:1      | Noticed an ice dragon
    80 | D:1      | Noticed a red draconian
    82 | D:1      | Noticed an ice dragon
    82 | D:1      | Noticed an iron dragon
    83 | D:1      | Noticed a tentacled monstrosity
    84 | D:1      | Noticed an ice dragon
    84 | D:1      | Noticed a tentacled monstrosity
    86 | D:1      | Noticed a large abomination
    86 | D:1      | Noticed an ice dragon
    86 | D:1      | Noticed a shadow dragon
    90 | D:1      | Noticed an orb of fire
   108 | D:1      | Reached skill level 1 in Dodging
   525 | D:1      | Gained mutation: When hurt, damage is shared between your health and your magic reserves. [demonic ancestry]
   525 | D:1      | Reached XP level 2. HP: 12/24 MP: 3/3
   535 | D:1      | HP: 1/24 [poisoned by a kobold]
   537 | D:1      | Succumbed to a kobold's poison

Vault maps used:
D:1:      shiori_arrival_whats_in_store_for_you, minmay_fountain_box
Abyss:1:  minivault_13

Action                   || total
-------------------------++-------
Melee: Falchion          ||    33
Invok: Depart the Abyss  ||     1
  Use: Potion            ||     1
